[Event "Titled Tuesday Blitz April 19 Late 2022"]
[White "Debray, Christopher"]
[Black "Tsukerman, Julia"]
[WhiteFideId "630810"]
[BlackFideId "2621649"]
[WhiteElo "2377"]
[BlackElo "2233"]
[Result "1-0"]
[Round "02"]
[TimeControl "180+1"]
[Date "2022.04.19"]
[WhiteClock "0:01:55"]
[BlackClock "0:01:27"]

1. e4 c5 2. Nf3 d6 3. c3 Nf6 4. Bc4 e6 5. Qe2 Nc6 6. d4 cxd4 7. cxd4 d5 8. exd5 Nxd5 9. O-O Be7 10. Nc3 Nxc3 11. bxc3 O-O 12. Qe4 Qc7 13. Ng5 g6 14. Qh4 h5 15. Bb3 b5 16. g4 Bxg5 17. Bxg5 e5 18. gxh5 Bf5 19. Bf6 1-0


[Site "https://www.chess.com"]

[Event "Titled Tuesday Blitz April 19 Late 2022"]
[White "Derraugh, Geordie"]
[Black "Bongo Akanga Ndjila, Barthelemy"]
[WhiteFideId "2603950"]
[BlackFideId "10609431"]
[WhiteElo "2116"]
[BlackElo "1768"]
[Result "1-0"]
[Round "02"]
[TimeControl "180+1"]
[Date "2022.04.19"]
[WhiteClock "0:00:21"]
[BlackClock "0:00:41"]

1. e4 c6 2. c4 d5 3. exd5 cxd5 4. cxd5 Nf6 5. Nc3 Nxd5 6. Nf3 Nc6 7. Bc4 e6 8. O-O Nb6 9. Bb3 Be7 10. Re1 O-O 11. d4 Na5 12. Bc2 Bd7 13. Qd3 g6 14. Bh6 Re8 15. Ne5 Bf8 16. Bxf8 Rxf8 17. Re3 Bc6 18. Rh3 Rc8 19. Rxh7 Kxh7 20. Nxg6 f5 21. Nxf8+ Qxf8 22. Re1 Qg7 23. Qh3+ Kg8 24. Rxe6 Nac4 25. Bxf5 Qxg2+ 26. Qxg2+ Bxg2 27. Kxg2 Rc7 28. b3 Na5 29. Nb5 Rg7+ 30. Rg6 Nd5 31. Rxg7+ Kxg7 32. Nxa7 Kf6 33. Be4 Nf4+ 34. Kf3 Ne6 35. Ke3 Kg5 36. Bd5 Nf4 37. Bg8 b6 38. h4+ Kg4 39. Bh7 Nb7 40. Be4 Nd6 41. h5 Nxh5 42. Bf3+ Kg5 43. Bxh5 Kxh5 44. Kf4 Kg6 45. Ke5 Nf7+ 46. Kd5 Kf5 47. Kc6 Nd8+ 48. Kxb6 Ne6 49. d5 Nd4 50. d6 Ke5 51. d7 Ne6 52. Nc6+ Kd6 53. d8=Q+ Nxd8 54. Nxd8 1-0


[Site "https://www.chess.com"]

[Event "Titled Tuesday Blitz April 19 Late 2022"]
[White "Dilmukhametov, Artur"]
[Black "Lewicki, Miroslaw"]
[WhiteFideId "24179922"]
[BlackFideId "1113380"]
[WhiteElo "2244"]
[BlackElo "2283"]
[Result "1-0"]
[Round "02"]
[TimeControl "180+1"]
[Date "2022.04.19"]
[WhiteClock "0:01:08"]
[BlackClock "0:00:47"]

1. d4 b6 2. Nc3 Bb7 3. e4 g6 4. g3 Bg7 5. Bg2 e6 6. Nge2 Ne7 7. O-O O-O 8. h3 d5 9. e5 c5 10. Bg5 cxd4 11. Nxd4 Bxe5 12. Re1 Bg7 13. Nxe6 fxe6 14. Rxe6 Bxc3 15. Rxe7 Bb4 16. Rg7+ Kxg7 17. Bxd8 Bc5 18. Bg5 Rxf2 19. Kh1 Nc6 20. Qxd5 Rxg2 21. Qd7+ Ne7 22. Qxb7 Rxg3 23. Bxe7 1-0


[Site "https://www.chess.com"]

[Event "Titled Tuesday Blitz April 19 Late 2022"]
[White "Djokic, Mihailo"]
[Black "Ibarra Jerez, Jose Carlos"]
[WhiteFideId "976440"]
[BlackFideId "2226332"]
[WhiteElo "2202"]
[BlackElo "2626"]
[Result "0-1"]
[Round "02"]
[TimeControl "180+1"]
[Date "2022.04.19"]
[WhiteClock "0:00:02"]
[BlackClock "0:00:33"]

1. e4 c5 2. Nf3 Nc6 3. d4 cxd4 4. Nxd4 e5 5. Nb5 a6 6. Nd6+ Bxd6 7. Qxd6 Qe7 8. Qxe7+ Ngxe7 9. Nc3 d5 10. Bd3 Nb4 11. Nxd5 Nexd5 12. exd5 Nxd3+ 13. cxd3 Bf5 14. Be3 O-O-O 15. Rc1+ Kb8 16. d4 exd4 17. Bxd4 Rhe8+ 18. Be3 Rxd5 19. O-O Bd7 20. Rfd1 Rxd1+ 21. Rxd1 Bc6 22. a3 Kc7 23. h3 Re4 24. Rd4 Re6 25. Kh2 h5 26. h4 Rg6 27. g3 Re6 28. Bf4+ Kb6 29. Be3 Kc7 30. Bf4+ Kc8 31. Be3 f6 32. g4 Bf3 33. g5 f5 34. Kg3 Bc6 35. Kf4 g6 36. Rb4 b5 37. Rd4 Kc7 38. b4 Be4 39. Rd1 Bb7 40. Rc1+ Kd7 41. Rd1+ Ke8 42. Kg3 Re4 43. Bf4 Rc4 44. Rd6 Rc3+ 45. Be3 Rc4 46. Rxg6 Rg4+ 47. Kh3 f4 48. Rg8+ Kf7 49. Rb8 Bg2+ 50. Kh2 fxe3 51. fxe3 Be4 52. Kh3 Bf5 53. Kh2 Rxh4+ 54. Kg3 Rg4+ 55. Kf2 Rxg5 56. Rb6 Rg6 57. Rb7+ Ke6 58. Rb6+ Ke5 59. Rb8 h4 60. Rh8 0-1


[Site "https://www.chess.com"]

[Event "Titled Tuesday Blitz April 19 Late 2022"]
[White "Dubov, Daniil"]
[Black "Najer, Evgeniy"]
[WhiteFideId "24126055"]
[BlackFideId "4118987"]
[WhiteElo "2791"]
[BlackElo "2562"]
[Result "0-1"]
[Round "02"]
[TimeControl "180+1"]
[Date "2022.04.19"]
[WhiteClock "0:01:03"]
[BlackClock "0:00:21"]

1. d4 Nf6 2. Nf3 d5 3. Bf4 c5 4. e3 e6 5. Nbd2 Bd6 6. Bg3 O-O 7. c3 b6 8. Bxd6 Qxd6 9. Ne5 Nfd7 10. f4 f6 11. Nef3 cxd4 12. cxd4 e5 13. fxe5 fxe5 14. Qb3 Kh8 15. dxe5 Nxe5 16. Nxe5 Qxe5 17. Nf3 Qe7 18. Be2 Ba6 19. Qa3 Qxa3 20. bxa3 Re8 21. Bxa6 Nxa6 22. Ke2 Nc5 23. Rhd1 Re7 24. Rxd5 Rae8 25. Rad1 Rxe3+ 26. Kf2 Rxa3 27. Rd8 Rxa2+ 28. Kf1 Re2 29. R1d5 h6 30. h4 Re7 31. h5 Kh7 32. Nh4 Rf7+ 33. Kg1 Rff8 34. R8d6 Ne4 35. Rc6 Nf6 36. Rf5 Rc8 37. Rd6 Rfd8 38. Re6 Re8 0-1


[Site "https://www.chess.com"]

[Event "Titled Tuesday Blitz April 19 Late 2022"]
[White "Fonseca Manrique, Enrique"]
[Black "Bryakin, Mikhail"]
[WhiteFideId "5114330"]
[BlackFideId "4165314"]
[WhiteElo "2564"]
[BlackElo "2417"]
[Result "0-1"]
[Round "02"]
[TimeControl "180+1"]
[Date "2022.04.19"]
[WhiteClock "0:00:31"]
[BlackClock "0:00:46"]

1. e4 c5 2. Nf3 Nc6 3. Bb5 Na5 4. O-O a6 5. Be2 b5 6. c3 Bb7 7. d3 g6 8. Re1 Bg7 9. Nbd2 d6 10. Nf1 e6 11. Ng3 Ne7 12. h4 h6 13. Be3 c4 14. d4 d5 15. e5 Nac6 16. b3 Nf5 17. Nxf5 gxf5 18. Qd2 Kd7 19. Reb1 Kc7 20. a4 Na5 21. bxc4 Nxc4 22. Qc1 Bc6 23. Bf4 Qe7 24. g3 Qd7 25. Qd1 bxa4 26. Bxc4 dxc4 27. Nd2 Qd5 28. f3 Rab8 29. Kf2 Rxb1 30. Rxb1 Rb8 31. Rxb8 Kxb8 32. Qb1+ Qb5 33. Qa2 Bf8 34. Nxc4 Bd5 0-1


[Site "https://www.chess.com"]

[Event "Titled Tuesday Blitz April 19 Late 2022"]
[White "Gledura, Benjamin"]
[Black "Kovanova, Baira"]
[WhiteFideId "712779"]
[BlackFideId "4164083"]
[WhiteElo "2326"]
[BlackElo "2190"]
[Result "1-0"]
[Round "02"]
[TimeControl "180+1"]
[Date "2022.04.19"]
[WhiteClock "0:01:36"]
[BlackClock "0:00:06"]

1. e4 e5 2. Nf3 Nc6 3. Nc3 Nf6 4. d4 exd4 5. Nxd4 Bb4 6. Nxc6 bxc6 7. Bd3 O-O 8. O-O d5 9. Bd2 Bxc3 10. Bxc3 dxe4 11. Bxf6 Qxf6 12. Bxe4 Bf5 13. Bxf5 Qxf5 14. Qd2 Rad8 15. Qc3 Rd6 16. Rad1 c5 17. h3 h6 18. b3 Rfd8 19. Rxd6 cxd6 20. Rd1 Qf4 21. g3 Qf5 22. h4 Qe4 23. Rd3 Qc6 24. Qa5 Re8 25. Qd2 Re6 26. c4 a6 27. Rd5 Qc7 28. Kh2 Qe7 29. Kg2 Re2 30. Qf4 Rxa2 31. Rxd6 g5 32. hxg5 hxg5 33. Qf6 Qe4+ 34. Kh3 g4+ 35. Kh4 Qh7+ 36. Kxg4 Qe4+ 37. f4 1-0


[Site "https://www.chess.com"]

[Event "Titled Tuesday Blitz April 19 Late 2022"]
[White "Gnechko, Ruslan"]
[Black "Rosenberg, Evan S"]
[WhiteFideId "14135868"]
[BlackFideId "2019299"]
[WhiteElo "2289"]
[BlackElo "2358"]
[Result "1-0"]
[Round "02"]
[TimeControl "180+1"]
[Date "2022.04.19"]
[WhiteClock "0:00:53"]
[BlackClock "0:00:25"]

1. d4 d5 2. c4 e6 3. Nc3 Nf6 4. cxd5 exd5 5. Bg5 c6 6. e3 Qb6 7. Qc2 Ne4 8. Nxe4 dxe4 9. O-O-O Be6 10. Bc4 Bxc4 11. Qxc4 Nd7 12. Ne2 Qa5 13. d5 Nc5 14. dxc6 bxc6 15. Kb1 Rb8 16. Qd4 Nd3 17. Qxe4+ Qe5 18. Qxc6# 1-0


[Site "https://www.chess.com"]

[Event "Titled Tuesday Blitz April 19 Late 2022"]
[White "Goncalves, Ivan Mesquita V"]
[Black "Melikhov, Evgeny V."]
[WhiteFideId "2114224"]
[BlackFideId "4122046"]
[WhiteElo "2299"]
[BlackElo "1931"]
[Result "1-0"]
[Round "02"]
[TimeControl "180+1"]
[Date "2022.04.19"]
[WhiteClock "0:00:17"]
[BlackClock "0:00:12"]

1. c4 e5 2. Nc3 d6 3. g3 f5 4. Bg2 Nf6 5. d3 Be7 6. e3 O-O 7. Nge2 Nc6 8. b3 Qe8 9. Bb2 Be6 10. h3 a6 11. a3 Rb8 12. d4 Bf7 13. d5 Nd8 14. Qc2 e4 15. Nd4 Bg6 16. b4 Nd7 17. Bf1 Ne5 18. Be2 Bh5 19. g4 fxg4 20. Qxe4 Nf3+ 21. Bxf3 gxf3 22. Rg1 Bf6 23. Kd2 Qxe4 24. Nxe4 Be5 25. Ng5 h6 26. Ne4 Kh7 27. Bc3 Bg6 28. Ng3 c5 29. dxc6 bxc6 30. Nb3 Bxc3+ 31. Kxc3 Nf7 32. Na5 Rbc8 33. Rad1 Rfd8 34. h4 Kg8 35. h5 Bh7 36. Rd4 c5 37. Rd5 cxb4+ 38. axb4 Kf8 39. Rgd1 Bg8 40. Nf5 Ne5 41. Rxd6 Rxd6 42. Nxd6 Rc7 43. c5 Ng4 44. Rd2 Nf6 45. e4 Nxh5 46. Rd3 Nf6 47. Rxf3 Ke7 48. Kd4 h5 49. Rg3 Kf8 50. Nac4 h4 51. Rh3 g5 52. Ne5 Be6 53. Rh1 h3 54. Nf3 g4 55. Ng5 Bd7 56. e5 Nh5 57. e6 Ke7 58. exd7 Rxd7 59. Ne4 Nf4 60. Kc4 Rd8 61. Rg1 Ng2 62. Nf5+ Kd7 63. Ne3 Rh8 64. Nxg2 hxg2 65. Rxg2 Rg8 66. Kd3 Kc6 67. Rg3 Kb5 68. Kc3 a5 69. Nd6+ Kc6 70. bxa5 Kxc5 71. Nc4 Kb5 72. f3 Rc8 73. Rxg4 Rc5 74. Re4 Rf5 75. Re5+ Rxe5 76. Nxe5 Kxa5 77. Kd4 Kb6 78. Kd5 Kc7 79. Ke6 Kd8 80. Kf7 Kc7 81. f4 Kd6 82. Ng6 Kd5 83. f5 Kd6 84. f6 Kd7 85. Kg7 1-0


[Site "https://www.chess.com"]

[Event "Titled Tuesday Blitz April 19 Late 2022"]
[White "Goryachkina, Aleksandra"]
[Black "Zherebtsova, Alexandra"]
[WhiteFideId "4147103"]
[BlackFideId "24129518"]
[WhiteElo "2426"]
[BlackElo "2025"]
[Result "0-1"]
[Round "02"]
[TimeControl "180+1"]
[Date "2022.04.19"]
[WhiteClock "0:00:09"]
[BlackClock "0:00:43"]

1. e4 e5 2. Nf3 Nc6 3. d4 exd4 4. Bc4 Nf6 5. O-O Nxe4 6. Re1 d5 7. Bxd5 Qxd5 8. Nc3 Qa5 9. Nxe4 Be6 10. Neg5 O-O-O 11. Nxe6 fxe6 12. Rxe6 h6 13. Bd2 Bb4 14. Qe2 Bxd2 15. Nxd2 d3 16. Qe1 dxc2 17. Nb3 Qxe1+ 18. Rexe1 Nd4 19. Nxd4 Rxd4 20. Rac1 Rd2 21. Kf1 Rhd8 22. g3 c5 23. b3 R8d7 24. h4 Kc7 25. h5 b5 26. g4 a5 27. a3 c4 28. bxc4 b4 0-1


[Site "https://www.chess.com"]

[Event "Titled Tuesday Blitz April 19 Late 2022"]
[White "Grigorov, Grigor"]
[Black "Hnydiuk, Aleksander"]
[WhiteFideId "2907313"]
[BlackFideId "1109057"]
[WhiteElo "2510"]
[BlackElo "2374"]
[Result "1-0"]
[Round "02"]
[TimeControl "180+1"]
[Date "2022.04.19"]
[WhiteClock "0:01:35"]
[BlackClock "0:00:47"]

1. d4 Nf6 2. Nf3 g6 3. Bg5 Bg7 4. Nbd2 O-O 5. e3 d6 6. Bc4 b6 7. O-O Bb7 8. Qe2 c5 9. c3 Nbd7 10. e4 h6 11. Bh4 Nh5 12. Qe3 g5 13. Bxg5 hxg5 14. Qxg5 Nhf6 15. e5 dxe5 16. dxe5 Nd5 17. Qh5 Nf4 18. Qg4 Ne6 19. Bxe6 fxe6 20. Qxe6+ Kh8 21. Ng5 1-0


[Site "https://www.chess.com"]

[Event "Titled Tuesday Blitz April 19 Late 2022"]
[White "Gu, Xiaobing"]
[Black "Sanchez Alvares, Kelvin Antonio"]
[WhiteFideId "8602611"]
[BlackFideId "3906680"]
[WhiteElo "2174"]
[BlackElo "2193"]
[Result "1/2-1/2"]
[Round "02"]
[TimeControl "180+1"]
[Date "2022.04.19"]
[WhiteClock "0:00:07"]
[BlackClock "0:00:11"]

1. e4 e5 2. Nf3 Nc6 3. Nc3 Bc5 4. Nxe5 Nxe5 5. d4 Bd6 6. dxe5 Bxe5 7. Bc4 Nf6 8. Bg5 c6 9. O-O h6 10. Bh4 b5 11. Bb3 b4 12. Ne2 g5 13. Bg3 d6 14. f4 Bxb2 15. Rb1 Bc3 16. Nxc3 bxc3 17. fxg5 hxg5 18. Qxd6 Qxd6 19. Bxd6 Nxe4 20. Bxf7+ Kd7 21. Be5 Rf8 22. Rbd1+ Ke7 23. Bg6 Bg4 24. Rxf8 Rxf8 25. Re1 Nf6 26. Bxc3+ Kd7 27. h3 Be6 28. Rf1 Nd5 29. Rxf8 Nxc3 30. Kf2 Nxa2 31. Bf5 Nb4 32. Rf7+ Kd6 33. Rf6 Ke5 34. Rxe6+ Kxf5 35. Re7 Nxc2 36. Rxa7 Nd4 37. g3 c5 38. Ra5 Ne6 39. h4 gxh4 40. gxh4 Kg4 41. Ra6 Nd4 42. Ra5 Ne6 43. Ra4+ Kf5 44. Ke3 Nd4 45. Ra5 Ne6 46. h5 Kg5 47. h6 Nf8 48. Ra6 Nh7 49. Ke4 Nf8 50. Kd5 Ng6 51. h7 Nh8 52. Ke6 Kg6 53. Ra7 c4 54. Rc7 c3 55. Rxc3 Kxh7 56. Kf6 Kg8 57. Rg3+ Kf8 58. Ra3 Kg8 59. Ra8+ Kh7 60. Rb8 Ng6 61. Rb7+ Kh6 62. Rb1 Nh4 63. Rh1 Kh5 64. Ke5 Kg4 65. Ke4 Nf5 66. Rg1+ Ng3+ 67. Ke3 Kh4 68. Kf3 Nh5 69. Rg8 Nf6 70. Rf8 Kg5 71. Ra8 Kf5 72. Ra5+ Ke6 73. Ra6+ Ke5 74. Ra5+ Ke6 75. Kf4 Nd5+ 76. Ke4 Nf6+ 77. Kd4 Nd7 78. Ra6+ Kf5 79. Rd6 Nf6 80. Ke3 Ng4+ 81. Kf3 Ne5+ 82. Ke3 Nc4+ 83. Kd4 Nxd6 1/2-1/2


[Site "https://www.chess.com"]

[Event "Titled Tuesday Blitz April 19 Late 2022"]
[White "Guz, Ari"]
[Black "D`Arruda, Ricardo D."]
[WhiteFideId "2825759"]
[BlackFideId "100692"]
[WhiteElo "1913"]
[BlackElo "2372"]
[Result "0-1"]
[Round "02"]
[TimeControl "180+1"]
[Date "2022.04.19"]
[WhiteClock "0:01:06"]
[BlackClock "0:00:57"]

1. e4 c5 2. Nf3 Nc6 3. c3 Nf6 4. e5 Nd5 5. d4 cxd4 6. cxd4 d6 7. Bc4 e6 8. O-O Be7 9. Qe2 O-O 10. Qe4 Nb6 11. Bd3 g6 12. Bh6 Re8 13. Nc3 f5 14. exf6 Bxf6 15. h4 d5 16. Qe3 Ne7 17. h5 Nf5 18. Qf4 Nxh6 19. Qxh6 Bg7 20. Qe3 e5 21. hxg6 exd4 22. gxh7+ Kh8 23. Ng5 Rf8 24. Qg3 dxc3 25. bxc3 Bf5 26. Bxf5 Rxf5 27. Ne6 Qf6 28. Nxg7 Qxg7 29. Qd3 Rg5 30. g3 Qxh7 31. Qe3 Rgg8 32. Qe5+ Rg7 33. f3 Qg6 34. Kg2 Re8 35. Rh1+ Kg8 36. Qf4 Re2+ 37. Kf1 Qd3 38. Kg1 Qe3+ 39. Qxe3 Rxe3 40. Kf2 Rxc3 41. Rae1 Rc2+ 42. Ke3 Re7+ 43. Kf4 Rxe1 44. Rxe1 Rxa2 45. Re7 d4 46. Rxb7 d3 47. Rb8+ Kf7 48. Rd8 d2 49. Ke3 Nc4+ 50. Ke2 Ra1 51. g4 Re1+ 52. Kf2 d1=Q 0-1


[Site "https://www.chess.com"]

[Event "Titled Tuesday Blitz April 19 Late 2022"]
[White "Hasangatin, Ramil"]
[Black "Martinez Alcantara, Jose Eduardo"]
[WhiteFideId "4122160"]
[BlackFideId "3805662"]
[WhiteElo "2375"]
[BlackElo "2690"]
[Result "0-1"]
[Round "02"]
[TimeControl "180+1"]
[Date "2022.04.19"]
[WhiteClock "0:00:03"]
[BlackClock "0:00:43"]

1. e4 c5 2. Nf3 d6 3. d4 cxd4 4. Qxd4 Nc6 5. Bb5 a6 6. Bxc6+ bxc6 7. e5 f6 8. exd6 e5 9. Qc4 Qxd6 10. O-O Be6 11. Qa4 Bd7 12. Nc3 Qb4 13. Rd1 Nh6 14. Bxh6 gxh6 15. Rd2 Qxa4 16. Nxa4 Rb8 17. Rad1 Be6 18. b3 Bb4 19. c3 Be7 20. Ne1 Kf7 21. Nd3 Rbd8 22. Ndc5 Rxd2 23. Rxd2 Bc8 24. f3 h5 25. b4 h4 26. h3 f5 27. Nb6 Bxc5+ 28. bxc5 Be6 29. Rd6 Ke7 30. Rxc6 Rd8 31. Rc7+ Kf6 32. Rxh7 Rd1+ 33. Kf2 Rc1 34. Rh6+ Kf7 35. Rxh4 Rxc3 36. Ra4 Rxc5 37. Rxa6 f4 38. Ra7+ Kg6 39. Nd7 Rc2+ 40. Kg1 Kf5 41. Nf8 Bxa2 42. Rh7 Rd2 43. Rh5+ Kf6 44. Rh7 Bf7 45. h4 Rd8 46. Rh6+ Kf5 47. Rh8 e4 48. fxe4+ Kxe4 49. Kh2 Rd2 50. Rh7 Bc4 51. Re7+ Kf5 52. Nh7 f3 53. Re8 f2 54. Rf8+ Kg6 55. Ng5 f1=Q 56. Rxf1 Bxf1 57. Nf3 Rxg2+ 58. Kh3 Ra2+ 59. Kg3 Ba6 60. Kf4 Ra4+ 61. Kg3 Ra3 62. Kf4 Bb7 63. Ne5+ Kh5 64. Nd7 Kxh4 65. Ke5 Bc8 66. Nc5 Ra5 67. Kd5 Bg4 68. Kd6 Ra1 69. Ne6 Ra6+ 0-1


[Site "https://www.chess.com"]

[Event "Titled Tuesday Blitz April 19 Late 2022"]
[White "Hernandez Bermudez, Ulises Eduardo"]
[Black "Blackman, Justin"]
[WhiteFideId "3902510"]
[BlackFideId "11100516"]
[WhiteElo "2056"]
[BlackElo "2112"]
[Result "1-0"]
[Round "02"]
[TimeControl "180+1"]
[Date "2022.04.19"]
[WhiteClock "0:01:34"]
[BlackClock "0:00:27"]

1. e4 e5 2. Nf3 Nc6 3. Bb5 Nge7 4. Nc3 a6 5. Ba4 d6 6. d4 b5 7. Bb3 h6 8. dxe5 Na5 9. exd6 cxd6 10. O-O Nxb3 11. axb3 Bb7 12. Nd5 Ng6 13. Be3 Bxd5 14. Qxd5 Be7 15. Qc6+ Kf8 16. Rxa6 Rc8 17. Qd5 Kg8 18. Rfa1 Kh7 19. Qxf7 Rf8 20. Qd5 Rxc2 21. Ra8 Qd7 22. R8a7 Qc8 23. Nd4 Rxb2 24. Nf5 Bf6 25. Rd1 Qc2 26. Rf1 Rxb3 27. Bxh6 Rg8 28. Nxg7 Bxg7 29. Qh5 1-0


[Site "https://www.chess.com"]

[Event "Titled Tuesday Blitz April 19 Late 2022"]
[White "Hoffmann, Asa"]
[Black "Baches Garcia, Guillermo"]
[WhiteFideId "2001470"]
[BlackFideId "2209764"]
[WhiteElo "2117"]
[BlackElo "2506"]
[Result "0-1"]
[Round "02"]
[TimeControl "180+1"]
[Date "2022.04.19"]
[WhiteClock "0:00:20"]
[BlackClock "0:00:19"]

1. d4 Nf6 2. Bg5 e6 3. Nd2 h6 4. Bh4 d5 5. e3 c5 6. c3 Be7 7. Bd3 b6 8. f4 Bb7 9. Ngf3 Ne4 10. Bxe7 Qxe7 11. Bxe4 dxe4 12. Ne5 O-O 13. O-O Nc6 14. Qh5 Rad8 15. Rf2 cxd4 16. cxd4 Nb4 17. f5 exf5 18. Qxf5 Nc2 19. Rc1 Nxe3 20. Qf4 Nd5 21. Qxe4 f6 22. Ng6 Qxe4 23. Nxe4 Rfe8 24. Nc3 Kh7 25. Nf4 Ne3 26. d5 Nxd5 27. Ncxd5 Bxd5 28. Nxd5 Rxd5 29. Rc7 Re1+ 30. Rf1 Re2 31. Rc3 Rdd2 32. Rg3 Rxb2 33. a4 Ra2 34. Rc1 Rxa4 35. h3 Re5 36. Rc7 Rg5 37. Rf3 Ra2 38. g4 h5 39. Rxf6 hxg4 40. h4 Rg6 41. Rf5 Ra5 42. Rxa5 bxa5 43. Rc5 Ra6 44. Kg2 a4 45. Rc2 a3 46. Ra2 Kh6 47. Kg3 Kh5 48. Kf4 Ra4+ 49. Kf5 Kxh4 50. Ke5 g3 0-1


[Site "https://www.chess.com"]

[Event "Titled Tuesday Blitz April 19 Late 2022"]
[White "Holt, Conrad"]
[Black "Bodi, Tibor"]
[WhiteFideId "2034387"]
[BlackFideId "701084"]
[WhiteElo "2586"]
[BlackElo "2243"]
[Result "0-1"]
[Round "02"]
[TimeControl "180+1"]
[Date "2022.04.19"]
[WhiteClock "0:00:19"]
[BlackClock "0:00:09"]

1. d4 Nf6 2. c4 e6 3. Nc3 Bb4 4. Qc2 O-O 5. e4 d5 6. e5 Ne4 7. Bd3 c5 8. Nf3 cxd4 9. Nxd4 Nd7 10. Bf4 Bxc3+ 11. bxc3 Ndc5 12. O-O Bd7 13. Be2 Na4 14. cxd5 exd5 15. f3 Nexc3 16. Bd3 h6 17. Qd2 Qb6 18. Kh1 Kh8 19. Bc2 Rac8 20. Qd3 Qg6 21. Qe3 Qa6 22. e6 fxe6 23. Bxh6 e5 24. Bxg7+ Kxg7 25. Qg5+ Kf7 26. Rfe1 Qf6 27. Qh5+ Ke7 28. Rxe5+ Kd6 29. Rae1 Rce8 30. f4 Qxf4 31. Nf3 Rxe5 32. Rxe5 Qc1+ 33. Re1 Qxe1+ 34. Nxe1 Rf1# 0-1


[Site "https://www.chess.com"]

[Event "Titled Tuesday Blitz April 19 Late 2022"]
[White "Ibadov, Dashgyn"]
[Black "Ladan, Nicholas"]
[WhiteFideId "24107514"]
[BlackFideId "30918855"]
[WhiteElo "2138"]
[BlackElo "2167"]
[Result "1-0"]
[Round "02"]
[TimeControl "180+1"]
[Date "2022.04.19"]
[WhiteClock "0:01:51"]
[BlackClock "0:00:26"]

1. e4 e5 2. Nf3 Nc6 3. d4 exd4 4. Nxd4 Bc5 5. Nb3 Bb6 6. Nc3 Nge7 7. Qe2 O-O 8. Be3 f5 9. f4 fxe4 10. g3 d5 11. O-O-O Qe8 12. Nxd5 Nxd5 13. Rxd5 Be6 14. Rd1 Rd8 15. Bg2 Nb4 16. Bxb6 axb6 17. Rxd8 Qxd8 18. Qxe4 Nxa2+ 19. Kb1 Bxb3 20. cxb3 Qa8 21. Qxb7 Qa5 22. Qd5+ 1-0


[Site "https://www.chess.com"]

[Event "Titled Tuesday Blitz April 19 Late 2022"]
[White "Indjic, Aleksandar"]
[Black "Golubev, Mikhail"]
[WhiteFideId "911925"]
[BlackFideId "14100983"]
[WhiteElo "2616"]
[BlackElo "2374"]
[Result "1-0"]
[Round "02"]
[TimeControl "180+1"]
[Date "2022.04.19"]
[WhiteClock "0:01:37"]
[BlackClock "0:00:33"]

1. d4 Nf6 2. Bg5 d5 3. e3 Ne4 4. Bf4 c5 5. Bd3 Qb6 6. Bxe4 dxe4 7. Nc3 cxd4 8. exd4 Nc6 9. d5 Qxb2 10. Nge2 Nb4 11. Rb1 Qxc2 12. Rxb4 Qxd1+ 13. Kxd1 e5 14. Rxe4 f6 15. Be3 Bf5 16. Rc4 a6 17. Kd2 Kd7 18. Bb6 Bd6 19. Rc1 Bg6 20. Ne4 Bxe4 21. Rxe4 f5 22. Rec4 g5 23. g4 fxg4 24. Rxg4 h6 25. Ng3 e4 26. Nxe4 Bf4+ 27. Rxf4 1-0


[Site "https://www.chess.com"]

[Event "Titled Tuesday Blitz April 19 Late 2022"]
[White "Iskusnyh, Sergei"]
[Black "Moussard, Jules"]
[WhiteFideId "4120027"]
[BlackFideId "642908"]
[WhiteElo "2492"]
[BlackElo "2589"]
[Result "1/2-1/2"]
[Round "02"]
[TimeControl "180+1"]
[Date "2022.04.19"]
[WhiteClock "0:00:30"]
[BlackClock "0:02:32"]

1. d4 Nf6 2. c4 e6 3. g3 d5 4. Bg2 c6 5. Nf3 Nbd7 6. Qc2 Bd6 7. O-O O-O 8. Nbd2 b6 9. e4 dxe4 10. Nxe4 Nxe4 11. Qxe4 Bb7 12. Rd1 Qc7 13. Qd3 h6 14. b3 Rad8 15. Bb2 c5 16. Rac1 cxd4 17. Nxd4 Bxg2 18. Kxg2 Nc5 19. Qf3 a6 20. Rd2 Be5 21. Rcd1 Rd7 22. Nb5 axb5 23. Bxe5 Qxe5 24. Rxd7 Nxd7 25. Rxd7 bxc4 26. bxc4 Qc5 27. Qd3 Ra8 28. Rd8+ Rxd8 29. Qxd8+ Kh7 30. Qd3+ f5 31. h4 Kg6 32. a4 Kf6 33. Qc3+ Qe5 34. Qb4 Qe4+ 35. Kg1 Qd4 36. Qf8+ Kg6 37. Qe8+ Kf6 38. Qf8+ Kg6 39. Qe8+ Kf6 40. Qf8+ 1/2-1/2


[Site "https://www.chess.com"]

[Event "Titled Tuesday Blitz April 19 Late 2022"]
[White "Jacobson, Aaron"]
[Black "Naroditsky, Daniel"]
[WhiteFideId "2089912"]
[BlackFideId "2026961"]
[WhiteElo "2265"]
[BlackElo "2608"]
[Result "0-1"]
[Round "02"]
[TimeControl "180+1"]
[Date "2022.04.19"]
[WhiteClock "0:00:02"]
[BlackClock "0:00:06"]

1. e4 c5 2. Nf3 d6 3. d4 cxd4 4. e5 dxe5 5. c3 Nc6 6. Bb5 Bd7 7. O-O dxc3 8. Nxc3 Nf6 9. Qe2 Nd4 10. Qxe5 Nxf3+ 11. gxf3 Qb8 12. Qd4 Qd6 13. Qxd6 exd6 14. Re1+ Kd8 15. Bg5 Bxb5 16. Nxb5 Kd7 17. Rad1 Ne8 18. Re2 a6 19. Nc3 Nc7 20. Bf4 Rd8 21. Red2 Kc8 22. Bxd6 Bxd6 23. Rxd6 Rxd6 24. Rxd6 Ne6 25. Kf1 Re8 26. Rd2 Nf4 27. Nd5 Ng6 28. Nc3 Re6 29. Ne4 Ne5 30. Ng5 Rg6 31. Rd5 Rxg5 32. f4 Rh5 33. Rxe5 Rxh2 34. Re7 Rh1+ 35. Ke2 Rb1 36. Rxf7 Rxb2+ 37. Ke3 Rxa2 38. Rxg7 h5 39. f5 Kd8 40. f6 Ke8 41. f4 Rb2 42. Ke4 Rb5 43. Rh7 a5 44. Kf3 a4 45. Re7+ Kf8 46. Ke4 a3 47. Rc7 a2 48. Rc8+ Kf7 49. Ra8 Rb2 50. Kf5 Rb5+ 51. Ke4 Kxf6 52. Rxa2 h4 53. Ra8 Rh5 54. Ra2 h3 55. Rh2 b5 56. Kf3 b4 57. Kf2 Kf5 58. Kg3 b3 0-1


[Site "https://www.chess.com"]

[Event "Titled Tuesday Blitz April 19 Late 2022"]
[White "Jacobson, Brandon"]
[Black "Yedidia, Daniel"]
[WhiteFideId "30901561"]
[BlackFideId "30905907"]
[WhiteElo "2362"]
[BlackElo "2617"]
[Result "1-0"]
[Round "02"]
[TimeControl "180+1"]
[Date "2022.04.19"]
[WhiteClock "0:02:09"]
[BlackClock "0:00:45"]

1. Nf3 Nf6 2. c4 b6 3. g3 e6 4. Bg2 Bb7 5. O-O Be7 6. d4 O-O 7. Re1 d5 8. cxd5 exd5 9. Nc3 Nbd7 10. Bf4 c6 11. Rc1 Rc8 12. Qa4 a5 13. Ne5 Re8 14. e4 Nxe4 15. Nxe4 dxe4 16. Bxe4 Nxe5 17. dxe5 b5 18. Qc2 g6 19. e6 f5 20. Rcd1 Qb6 21. Bxf5 gxf5 22. Qxf5 Rf8 23. Qg4+ Kh8 24. Rd7 Rxf4 25. Qxf4 Rf8 26. Qe5+ Bf6 27. e7 Bxe5 28. exf8=Q# 1-0


[Site "https://www.chess.com"]

[Event "Titled Tuesday Blitz April 19 Late 2022"]
[White "Jaferian, Koosha"]
[Black "Shimanov, Aleksandr"]
[WhiteFideId "12507440"]
[BlackFideId "4198603"]
[WhiteElo "2030"]
[BlackElo "2636"]
[Result "0-1"]
[Round "02"]
[TimeControl "180+1"]
[Date "2022.04.19"]
[WhiteClock "0:00:07"]
[BlackClock "0:00:47"]

1. e4 d5 2. exd5 Qxd5 3. Nf3 Bg4 4. Be2 Nc6 5. h3 Bf5 6. d4 e6 7. c4 Qd7 8. Nc3 O-O-O 9. Be3 Nf6 10. O-O Ne4 11. Qb3 Na5 12. Qd1 f6 13. Nxe4 Bxe4 14. a3 Nc6 15. Qa4 Kb8 16. Rfd1 Be7 17. b4 Bxf3 18. Bxf3 Ne5 19. Qxd7 Nxf3+ 20. gxf3 Rxd7 21. Rd2 Rhd8 22. Rad1 b6 23. f4 c6 24. Kg2 f5 25. Kf3 Bf6 26. Ke2 b5 27. c5 Kb7 28. Kd3 Rd5 29. Kc3 a5 30. Ra1 Ra8 31. Rda2 Ra6 32. f3 Ra8 33. Bf2 Kc8 34. Be3 Kd7 35. Bf2 Ke7 36. Be3 Kf7 37. Bf2 Ra6 38. Be3 Rd7 39. Bf2 Rda7 40. Kb3 axb4 41. axb4 Rxa2 42. Rxa2 Rxa2 43. Kxa2 Kg6 44. Kb3 Kh5 45. Kc2 Bh4 46. Be3 Bg3 47. Kd3 Be1 48. Ke2 Bxb4 49. Kf1 Bc3 50. Kg2 b4 0-1


[Site "https://www.chess.com"]